[Event "Titled Tuesday Blitz November 14 Early 2023"]
[White "De Silva, L M S T"]
[Black "Pinero Rodriguez, Carlos Jose"]
[WhiteFideId "9953698"]
[BlackFideId "3901726"]
[WhiteElo "2718"]
[BlackElo "2483"]
[Result "1-0"]
[Round "5"]
[TimeControl "180+1"]
[Date "2023.11.14"]
[WhiteClock "0:01:37"]
[BlackClock "0:00:00"]
[Board "89"]

1. c4 g6 2. Nf3 Bg7 3. Nc3 Nf6 4. g3 O-O 5. Bg2 d6 6. O-O e5 7. d3 h6 8. Rb1 a5 9. a3 Nc6 10. b4 axb4 11. axb4 Ne7 12. Bb2 Be6 13. Nd2 c6 14. b5 Qd7 15. Na4 Nc8 16. bxc6 bxc6 17. c5 Nd5 18. cxd6 Qxd6 19. Nc4 Qc7 20. Nc5 Re8 21. Ra1 Rxa1 22. Qxa1 f6 23. Nxe6 Rxe6 24. Rc1 Qd7 25. Na5 Nde7 26. Nb3 Rd6 27. Nc5 Qc7 28. Ba3 Kh7 29. Na6 Qd8 30. Bxd6 Qxd6 31. Nc5 f5 32. Qa6 h5 33. Nb7 Qd4 34. Na5 Qb2 35. Qc4 Qxe2 36. Nxc6 Nd6 37. Qe6 Nxc6 38. Rxc6 Qd1+ 39. Bf1 Nb5 40. Qxg6+ 1-0


[Site "https://www.chess.com"]

[Event "Titled Tuesday Blitz November 14 Early 2023"]
[White "Krivonosov, Oleg"]
[Black "Yurasova, Daria"]
[WhiteFideId "11600349"]
[BlackFideId "34146919"]
[WhiteElo "2713"]
[BlackElo "2482"]
[Result "1-0"]
[Round "5"]
[TimeControl "180+1"]
[Date "2023.11.14"]
[WhiteClock "0:00:12"]
[BlackClock "0:00:08"]
[Board "90"]

1. Nf3 d5 2. d4 Nf6 3. c4 dxc4 4. e3 e6 5. Bxc4 a6 6. O-O c5 7. dxc5 Bxc5 8. Qxd8+ Kxd8 9. Ne5 Ke7 10. Be2 Nbd7 11. Nc4 a5 12. Nc3 Nb6 13. Nxb6 Bxb6 14. b3 Bd7 15. Ba3+ Ke8 16. Rac1 Bc6 17. Nb5 Ne4 18. Rfd1 Rd8 19. Bd3 Rd7 20. Bxe4 Bxb5 21. Bxb7 f5 22. g3 Rxd1+ 23. Rxd1 Kf7 24. h4 g6 25. Bb2 Rb8 26. Bg2 h6 27. Bf1 Bxf1 28. Kxf1 Ke7 29. Ba3+ Kf6 30. Rd7 g5 31. h5 f4 32. Ke2 fxg3 33. fxg3 Rc8 34. Kd3 Kf5 35. Rh7 Kg4 36. Rxh6 Rd8+ 37. Ke4 Kxg3 38. Rxe6 Ba7 39. h6 g4 40. Bb2 Rd1 41. h7 Rh1 42. h8=Q Rxh8 43. Bxh8 Kf2 44. Rg6 g3 45. Bd4 g2 46. Bxa7 g1=Q 47. Rxg1 Kxg1 48. Kf3 Kf1 49. e4 Ke1 50. e5 Kd2 51. e6 a4 52. bxa4 Kc3 53. e7 Kb4 54. e8=Q Ka5 55. Qb5# 1-0


[Site "https://www.chess.com"]

[Event "Titled Tuesday Blitz November 14 Early 2023"]
[White "Djokic, Mihailo"]
[Black "Grochal, Joey"]
[WhiteFideId "976440"]
[BlackFideId "1019945"]
[WhiteElo "2704"]
[BlackElo "2478"]
[Result "1-0"]
[Round "5"]
[TimeControl "180+1"]
[Date "2023.11.14"]
[WhiteClock "0:00:51"]
[BlackClock "0:00:31"]
[Board "91"]

1. e4 e5 2. Nf3 Nc6 3. Nc3 Nf6 4. Bb5 Nd4 5. Ba4 Nxf3+ 6. gxf3 Bc5 7. Rg1 Nh5 8. d4 Bxd4 9. Nb5 O-O 10. Nxd4 exd4 11. Qxd4 Qf6 12. Qxf6 Nxf6 13. Bg5 Nh5 14. O-O-O d6 15. f4 f6 16. Bh4 Nxf4 17. Kd2 Be6 18. Ke3 Nh5 19. f4 Kh8 20. Kf3 g5 21. f5 Bxa2 22. Bf2 Bc4 23. c3 Nf4 24. Rd2 h6 25. Bd4 Kg7 26. h4 d5 27. hxg5 Nh3 28. gxf6+ Kh7 29. Rg7+ Kh8 30. f7 dxe4+ 31. Kg3 e3 32. Rg2 e2 33. Kxh3 e1=Q 34. Rg8+ Kh7 35. R2g7# 1-0


[Site "https://www.chess.com"]

[Event "Titled Tuesday Blitz November 14 Early 2023"]
[White "Finek, Vaclav"]
[Black "Domingo Nunez, Alejandro"]
[WhiteFideId "23718293"]
[BlackFideId "22245561"]
[WhiteElo "2698"]
[BlackElo "2476"]
[Result "1/2-1/2"]
[Round "5"]
[TimeControl "180+1"]
[Date "2023.11.14"]
[WhiteClock "0:00:05"]
[BlackClock "0:00:32"]
[Board "92"]

1. d4 g6 2. g3 Bg7 3. Nf3 Nf6 4. Bg2 O-O 5. O-O d6 6. c4 Nbd7 7. Nc3 c5 8. dxc5 Nxc5 9. Nd4 Rb8 10. b4 Ne6 11. e3 Bd7 12. Bb2 Rc8 13. Bxb7 Rxc4 14. Nd5 Nxd5 15. Bxd5 Rxb4 16. Nxe6 Bxe6 17. Bxg7 Kxg7 18. Bxe6 fxe6 19. a3 Rb7 20. Qd4+ e5 21. Qd5 Qd7 22. Rad1 Rb5 23. Qe4 Qb7 24. Qxb7 Rxb7 25. Rd5 Rc8 26. Ra5 Rc2 27. Kg2 Kf6 28. Kf3 e6 29. Ra6 d5 30. Rd1 e4+ 31. Kg2 Ke5 32. g4 Re2 33. Rc1 Rbb2 34. Rf1 Rxe3 35. Rxa7 Ree2 36. Rxh7 d4 37. h4 d3 38. Rd7 e3 39. Rxd3 Rxf2+ 40. Rxf2 Rxf2+ 41. Kg1 Ke4 42. Rd6 Kf3 43. Rxe6 Ra2 44. Rf6+ Kg3 45. Kf1 Kxh4 46. Rxg6 Kg3 47. Rf6 Kxg4 48. Ke1 Kg5 49. Rf8 Kg4 50. Rf7 Kg5 51. Rf8 Kg6 52. Rf3 Rxa3 53. Ke2 Ra2+ 54. Kxe3 Ra3+ 55. Kf4 Ra4+ 56. Kg3 Ra5 57. Kg2 Rg5+ 58. Rg3 Kf5 59. Kf2 Kf4 60. Rxg5 Kxg5 1/2-1/2


[Site "https://www.chess.com"]

[Event "Titled Tuesday Blitz November 14 Early 2023"]
[White "Akhmedinov, Satbek"]
[Black "Manukyan, Sargis V."]
[WhiteFideId "13714287"]
[BlackFideId "13303465"]
[WhiteElo "2677"]
[BlackElo "2475"]
[Result "1-0"]
[Round "5"]
[TimeControl "180+1"]
[Date "2023.11.14"]
[WhiteClock "0:01:48"]
[BlackClock "0:00:02"]
[Board "94"]

1. e4 e6 2. d4 d5 3. Nd2 Nc6 4. Ngf3 Nf6 5. e5 Nd7 6. Bb5 a6 7. Bxc6 bxc6 8. O-O c5 9. c3 cxd4 10. cxd4 c5 11. Nb3 a5 12. Bg5 Qb6 13. dxc5 Nxc5 14. Rc1 Ba6 15. Be3 Rc8 16. Re1 Bc4 17. Nxc5 Bxc5 18. Qa4+ Ke7 19. Bg5+ Kf8 20. Qc2 h6 21. Bh4 Bxa2 22. b4 axb4 23. Qxa2 g5 24. Bg3 Kg7 25. h4 g4 26. Nd2 Ra8 27. Qc2 Rhc8 28. Nb3 Be7 29. Qxc8 Rxc8 30. Rxc8 Qa6 31. Re8 Qc4 32. Rxe7 Qxb3 33. Re3 Qd1+ 34. Kh2 d4 35. Rd7 b3 36. Re4 d3 37. Rf4 b2 38. h5 b1=Q 39. Rdxf7+ Kg8 40. Rf8+ Kg7 41. R4f7# 1-0


[Site "https://www.chess.com"]

[Event "Titled Tuesday Blitz November 14 Early 2023"]
[White "Golubev, Mikhail"]
[Black "Berezin, Viktor"]
[WhiteFideId "14100983"]
[BlackFideId "14107872"]
[WhiteElo "2660"]
[BlackElo "2473"]
[Result "1-0"]
[Round "5"]
[TimeControl "180+1"]
[Date "2023.11.14"]
[WhiteClock "0:00:12"]
[BlackClock "0:00:01"]
[Board "95"]

1. e4 g6 2. d4 Bg7 3. Nf3 d6 4. Nc3 Nf6 5. h3 O-O 6. Be3 c6 7. a4 a5 8. Nd2 Nbd7 9. Be2 e5 10. O-O Qe7 11. dxe5 dxe5 12. Nc4 Nc5 13. Qd6 Qxd6 14. Nxd6 Ne6 15. Rad1 Ne8 16. Nxc8 Rxc8 17. Rd7 N8c7 18. Bb6 Rfd8 19. Rfd1 Nd4 20. Rxd8+ Rxd8 21. Bd3 Rd7 22. Bxa5 Nce6 23. Kf1 Bf8 24. Ne2 Nc5 25. Nxd4 exd4 26. b3 Ne6 27. g3 Bc5 28. Bd2 f6 29. Ke2 Kf7 30. f4 Ke7 31. Kf3 Bb6 32. h4 h5 33. g4 hxg4+ 34. Kxg4 Ng7 35. Kf3 Rd8 36. Rg1 g5 37. hxg5 Rh8 38. gxf6+ Kxf6 39. e5+ Kf7 40. Bc4+ Kf8 41. Ke4 d3 42. Rc1 dxc2 43. Rxc2 Rh2 44. Bb4+ c5 45. Rxh2 cxb4 46. Rh8+ 1-0


[Site "https://www.chess.com"]

[Event "Titled Tuesday Blitz November 14 Early 2023"]
[White "Arhan_Anand"]
[Black "Aash20"]
[WhiteElo "2654"]
[BlackElo "2469"]
[Result "1-0"]
[Round "5"]
[TimeControl "180+1"]
[Date "2023.11.14"]
[WhiteClock "0:00:55"]
[BlackClock "0:00:26"]
[Board "96"]

1. e4 c5 2. Nf3 d6 3. Bb5+ Bd7 4. Bxd7+ Qxd7 5. O-O Nc6 6. c3 e6 7. d4 cxd4 8. cxd4 d5 9. e5 Nge7 10. Nc3 Ng6 11. h4 Be7 12. g3 a6 13. h5 Nf8 14. Be3 Rc8 15. Ne1 b5 16. Qg4 g6 17. h6 Na5 18. Nd3 Nc4 19. Bg5 Bxg5 20. Qxg5 Qe7 21. Qxe7+ Kxe7 22. Rfc1 Nd7 23. a4 bxa4 24. Rxa4 Rb8 25. b4 Rb6 26. Rca1 Nb8 27. Nc5 Rd8 28. Ne2 Rc8 29. Nf4 Rcc6 30. Nfd3 Nd2 31. Kg2 Nc4 32. g4 f5 33. exf6+ Kxf6 34. f4 g5 35. Kf3 gxf4 36. Kxf4 Kg6 37. g5 Rc7 38. Re1 Rf7+ 39. Kg4 Re7 40. Nf4+ Kf7 41. g6+ hxg6 42. Nxd5 exd5 43. Rxe7+ Kxe7 44. h7 Nc6 45. h8=Q Nxb4 46. Qg7+ Kd6 47. Qd7# 1-0


[Site "https://www.chess.com"]

[Event "Titled Tuesday Blitz November 14 Early 2023"]
[White "lagunanivaria"]
[Black "Bao, Qilin"]
[BlackFideId "8605750"]
[WhiteElo "2469"]
[BlackElo "2648"]
[Result "0-1"]
[Round "5"]
[TimeControl "180+1"]
[Date "2023.11.14"]
[WhiteClock "0:00:02"]
[BlackClock "0:01:05"]
[Board "97"]

1. e4 c6 2. Nf3 d5 3. exd5 cxd5 4. d4 Nc6 5. Bd3 Bg4 6. c3 e6 7. Bf4 Bd6 8. Bxd6 Qxd6 9. Nbd2 Nge7 10. O-O Bh5 11. Qc2 Bg6 12. Rfe1 Rc8 13. a3 a6 14. Bxg6 hxg6 15. Qd3 b5 16. Nf1 Na5 17. a4 Nc4 18. axb5 axb5 19. b3 Na3 20. Re2 b4 21. cxb4 Qxb4 22. Rea2 Rc3 23. Qd2 Rxb3 24. Qxb4 Rxb4 25. Rxa3 O-O 26. Ra8 Nf5 27. Rxf8+ Kxf8 28. Ra8+ Ke7 29. Ne5 Nxd4 30. g3 f6 31. Nxg6+ Kf7 32. Nh8+ Ke7 33. Kg2 Rb2 34. Ne3 g5 35. Ng6+ Kf7 36. Nf8 Nc6 37. Nd7 Ke7 38. Nc5 Ne5 39. Ra3 d4 40. Nd1 Rd2 41. Ra1 Rc2 42. Nb3 d3 43. Ne3 Rb2 44. Nd4 f5 45. Rd1 f4 46. gxf4 gxf4 47. Nf1 Kf6 48. Nf3 Ng4 49. Rxd3 Rxf2+ 50. Kg1 Ra2 51. h3 Nh6 52. N1d2 Nf5 53. Kf2 Ng3 54. Rd6 Kf5 55. Rc6 e5 56. Rc5 Ne4+ 57. Ke2 Nxc5 58. Nh4+ Kf6 59. Nf3 e4 60. Ne1 e3 0-1


[Site "https://www.chess.com"]

[Event "Titled Tuesday Blitz November 14 Early 2023"]
[White "Adla, Diego"]
[Black "Makaraci, Tunahan"]
[WhiteFideId "100072"]
[BlackFideId "6356559"]
[WhiteElo "2641"]
[BlackElo "2462"]
[Result "1/2-1/2"]
[Round "5"]
[TimeControl "180+1"]
[Date "2023.11.14"]
[WhiteClock "0:00:36"]
[BlackClock "0:00:26"]
[Board "98"]

1. e4 Nf6 2. e5 Nd5 3. d4 d6 4. c4 Nb6 5. exd6 cxd6 6. Nc3 g6 7. Be3 Bg7 8. Rc1 O-O 9. b3 Bf5 10. Nge2 d5 11. c5 Nc8 12. Ng3 Nc6 13. Nxf5 gxf5 14. g3 e5 15. Ne2 exd4 16. Nxd4 Nxd4 17. Bxd4 Qa5+ 18. Rc3 Re8+ 19. Be2 Bxd4 20. Qxd4 Ne7 21. b4 Nc6 22. Qf4 Qxb4 23. Qg5+ Kf8 24. Qh6+ Kg8 25. Qg5+ Kf8 26. Qh6+ Kg8 27. Qg5+ 1/2-1/2


[Site "https://www.chess.com"]

[Event "Titled Tuesday Blitz November 14 Early 2023"]
[White "Kassimov, Baurzhan"]
[Black "Kamalidenova, Meruert"]
[WhiteFideId "13704800"]
[BlackFideId "13712802"]
[WhiteElo "2461"]
[BlackElo "2640"]
[Result "0-1"]
[Round "5"]
[TimeControl "180+1"]
[Date "2023.11.14"]
[WhiteClock "0:00:00"]
[BlackClock "0:00:14"]
[Board "99"]

1. c4 Nf6 2. Nc3 e5 3. Nf3 Nc6 4. e3 Bb4 5. Qc2 Bxc3 6. Qxc3 d6 7. d4 exd4 8. Nxd4 O-O 9. Be2 Ne4 10. Qc2 Re8 11. Nxc6 bxc6 12. O-O Rb8 13. b3 c5 14. Bb2 a5 15. f3 Nf6 16. e4 Bd7 17. a4 Qe7 18. Bc3 Ra8 19. Qd2 Reb8 20. Rab1 c6 21. Bxa5 d5 22. cxd5 cxd5 23. Bc7 Re8 24. e5 Rac8 25. Bd6 Qe6 26. Bd3 d4 27. f4 Ng4 28. f5 Qd5 29. Qg5 Nxe5 30. f6 Nf3+ 31. Rxf3 Qxg5 32. Rbf1 Qd5 33. Be7 Be6 34. Rg3 g6 35. Bc4 Qd7 36. Bb5 Qd5 37. Bxe8 Rxe8 38. a5 d3 39. a6 d2 40. Rd1 Ra8 41. Rc3 Qd4+ 0-1


[Site "https://www.chess.com"]

[Event "Titled Tuesday Blitz November 14 Early 2023"]
[White "Pastar, Slaven"]
[Black "Zoete, Roelant"]
[WhiteFideId "14402718"]
[BlackFideId "40103269"]
[WhiteElo "2640"]
[BlackElo "2461"]
[Result "0-1"]
[Round "5"]
[TimeControl "180+1"]
[Date "2023.11.14"]
[WhiteClock "0:00:00"]
[BlackClock "0:00:07"]
[Board "100"]

1. b3 e5 2. Bb2 Nc6 3. Nf3 e4 4. Nd4 Nf6 5. e3 Bd6 6. d3 O-O 7. Nd2 Re8 8. dxe4 Nxe4 9. Nxe4 Rxe4 10. Bd3 Re8 11. Nf5 Be5 12. Bxe5 Nxe5 13. O-O d6 14. c4 Nxd3 15. Qxd3 Bxf5 16. Qxf5 Re5 17. Qf4 Qe7 18. Rad1 Re4 19. Qf3 a5 20. Rd4 Re8 21. Rfd1 b6 22. h3 g6 23. Rd5 a4 24. R1d4 axb3 25. axb3 Kg7 26. g3 Qe6 27. h4 h5 28. Rd1 Qf6 29. Qxf6+ Kxf6 30. Ra1 R8e7 31. Ra8 R4e5 32. Rd4 b5 33. Rb8 bxc4 34. Rxc4 Re4 35. Rc6 Rd7 36. Rb7 Ree7 37. b4 Ke6 38. b5 Kd5 39. Kg2 f6 40. Kf3 g5 41. Rb8 Re5 42. hxg5 fxg5 43. Rb7 Rf7+ 44. Kg2 Ref5 45. f4 gxf4 46. gxf4 Ke4 47. Kf2 h4 48. Rc4+ Kd5 49. Rcxc7 Rxc7 50. Rxc7 Ke4 51. Re7+ Kd3 52. Re6 d5 53. Kf3 d4 54. e4 Rxb5 55. Rh6 Rb1 56. Rxh4 Rf1+ 57. Kg2 Re1 58. e5 Re3 59. Kf2 Re2+ 60. Kf3 Re3+ 61. Kg4 Kc2 62. Kf5 d3 63. Rh2+ d2 64. Rxd2+ Kxd2 65. e6 Kd3 66. Kf6 Kd4 67. f5 Kd5 68. e7 Kd6 69. Kf7 Rxe7+ 70. Kf8 Ra7 71. f6 Ke6 72. Kg8 Kxf6 0-1


[Site "https://www.chess.com"]

[Event "Titled Tuesday Blitz November 14 Early 2023"]
[White "UNSTOPPABLE_LEGEND"]
[Black "Degenbaev, Aziz"]
[BlackFideId "13802640"]
[WhiteElo "2458"]
[BlackElo "2638"]
[Result "1-0"]
[Round "5"]
[TimeControl "180+1"]
[Date "2023.11.14"]
[WhiteClock "0:00:07"]
[BlackClock "0:00:07"]
[Board "101"]

1. e4 e6 2. d4 d5 3. e5 c5 4. c3 Nc6 5. Nf3 f6 6. Bb5 a6 7. Bxc6+ bxc6 8. O-O f5 9. Be3 cxd4 10. cxd4 a5 11. Nc3 Ne7 12. Na4 Ng6 13. Rc1 Bd7 14. Nc5 Bxc5 15. Rxc5 O-O 16. Qc2 f4 17. Bd2 Be8 18. Qa4 Nh4 19. Nxh4 Qxh4 20. f3 Rb8 21. b3 Rf5 22. Be1 Qh6 23. Qxa5 Rh5 24. h3 Bg6 25. Rxc6 Bf5 26. Qc7 Rf8 27. Bb4 Rg5 28. Qe7 Rxg2+ 29. Kxg2 Qxh3+ 30. Kf2 Qg3+ 31. Ke2 Ra8 32. a4 Qg2+ 33. Rf2 Bd3+ 34. Kxd3 Qxf2 35. Qxe6+ Kh8 36. Rc8+ Rxc8 37. Qxc8# 1-0


[Site "https://www.chess.com"]

[Event "Titled Tuesday Blitz November 14 Early 2023"]
[White "Devaev, Alexander"]
[Black "Bodnaruk, Anastasia"]
[WhiteFideId "4169395"]
[BlackFideId "4181751"]
[WhiteElo "2459"]
[BlackElo "2635"]
[Result "1-0"]
[Round "5"]
[TimeControl "180+1"]
[Date "2023.11.14"]
[WhiteClock "0:00:10"]
[BlackClock "0:00:00"]
[Board "102"]

1. Nf3 Nf6 2. c4 g6 3. Nc3 Bg7 4. e4 d6 5. d4 O-O 6. h3 e5 7. d5 Nh5 8. Nh2 Qe8 9. g3 f5 10. Be2 f4 11. g4 Nf6 12. Bf3 g5 13. h4 h6 14. h5 a5 15. Be2 Na6 16. f3 Nc5 17. Kf2 Qe7 18. Kg2 c6 19. Bd2 Bd7 20. Be1 Rfb8 21. a3 a4 22. Bf2 cxd5 23. cxd5 Nb3 24. Rb1 b5 25. Na2 Nd4 26. Nb4 Rc8 27. Bd3 Rc5 28. Qf1 Qd8 29. Rd1 Rac8 30. Qg1 Qf8 31. Qe1 Qf7 32. Qf1 Nxg4 33. Nxg4 Bxg4 34. fxg4 f3+ 35. Kh3 Qf4 36. Bg3 Qf7 37. Qf2 Rf8 38. Rd2 Qd7 39. Rhd1 Nb3 40. Bf1 Nxd2 41. Rxd2 Rc1 42. Rc2 Rd1 43. Rd2 Rc1 44. Nc2 Rc8 45. Ne3 1-0


[Site "https://www.chess.com"]

[Event "Titled Tuesday Blitz November 14 Early 2023"]
[White "WindWhistler11"]
[Black "Fromm, Marius"]
[BlackFideId "12993190"]
[WhiteElo "2456"]
[BlackElo "2628"]
[Result "0-1"]
[Round "5"]
[TimeControl "180+1"]
[Date "2023.11.14"]
[WhiteClock "0:00:00"]
[BlackClock "0:00:22"]
[Board "103"]

1. Nf3 Nc6 2. d4 d5 3. a3 Bg4 4. Bf4 e6 5. e3 Bd6 6. Bg3 Nf6 7. Be2 O-O 8. Nbd2 Ne7 9. c4 c6 10. Ne5 Bxe2 11. Qxe2 c5 12. dxc5 Bxc5 13. b4 Bd6 14. c5 Bc7 15. O-O Nc6 16. Nxc6 bxc6 17. Bh4 a5 18. Nb3 Be5 19. Rab1 axb4 20. axb4 Qb8 21. Na5 Rc8 22. Qd3 Bxh2+ 23. Kh1 Ne4 24. g3 g5 25. Bxg5 Bxg3 26. fxg3 Nxg5 27. Rf4 Ne4 28. Rbf1 Nxg3+ 29. Kg2 Nxf1 30. Qxf1 Qe5 31. Qf3 Kh8 32. Kh3 Rg8 33. Nxc6 Qg5 34. Rh4 Ra1 0-1


[Site "https://www.chess.com"]

[Event "Titled Tuesday Blitz November 14 Early 2023"]
[White "Joie, Sebastien"]
[Black "FoxOnTheRun97"]
[WhiteFideId "650420"]
[WhiteElo "2454"]
[BlackElo "2621"]
[Result "0-1"]
[Round "5"]
[TimeControl "180+1"]
[Date "2023.11.14"]
[WhiteClock "0:00:00"]
[BlackClock "0:00:12"]
[Board "104"]

1. d4 Nf6 2. c4 e6 3. Nc3 Bb4 4. Qc2 O-O 5. e4 c5 6. e5 Ne8 7. a3 cxd4 8. axb4 dxc3 9. bxc3 d5 10. cxd5 exd5 11. Bd3 f5 12. Nf3 Nc6 13. O-O Be6 14. b5 Ne7 15. Ng5 Nc7 16. Ba3 g6 17. Bd6 Bd7 18. b6 axb6 19. Rxa8 Nxa8 20. Qb3 h6 21. Nf3 Bc6 22. Qb4 Rf7 23. Nd4 Nc7 24. Ra1 Qd7 25. Bxc7 Qxc7 26. Ra8+ Kh7 27. Ne6 Qxe5 28. Nf8+ Kg7 0-1


[Site "https://www.chess.com"]

[Event "Titled Tuesday Blitz November 14 Early 2023"]
[White "Stark, Lars"]
[Black "Kashtanov, Ruslan"]
[WhiteFideId "4676386"]
[BlackFideId "4124871"]
[WhiteElo "2621"]
[BlackElo "2448"]
[Result "1/2-1/2"]
[Round "5"]
[TimeControl "180+1"]
[Date "2023.11.14"]
[WhiteClock "0:00:32"]
[BlackClock "0:00:24"]
[Board "105"]

1. c4 c6 2. g3 d5 3. Nf3 Nf6 4. Bg2 Bf5 5. cxd5 cxd5 6. Qb3 Qb6 7. Qxb6 axb6 8. Nc3 Nc6 9. d3 e6 10. O-O Be7 11. Nb5 Kd7 12. Bf4 Rhc8 13. Rfc1 h6 14. h3 Ra5 15. a4 Raa8 16. b3 Na5 17. Nfd4 Bg6 18. Bd2 Nc6 19. f4 Bc5 20. Be3 Ne8 21. Kf2 Nd6 22. Nxd6 Bxd6 23. Nb5 Na5 24. Rcb1 Bc5 25. b4 Bxe3+ 26. Kxe3 Nc6 27. Nd4 f6 28. f5 Nxd4 29. Kxd4 Bxf5 30. a5 b5 31. Rc1 Bg6 32. Rc5 e5+ 33. Kxd5 Bf7+ 34. Ke4 Rxc5 35. bxc5 b4 36. Ke3 Kc7 37. Ra4 b3 38. Rb4 Ra7 39. Kd2 Kc8 40. h4 Rxa5 41. Rxb7 Ra2+ 42. Kd1 b2 43. Kc2 Be6 44. Kb1 Ra5 45. c6 Bd5 46. Bxd5 Rxd5 47. Rxg7 Rc5 48. c7 Rxc7 49. Rxc7+ Kxc7 50. g4 Kd6 51. Kxb2 Ke6 52. e4 Kd6 53. Kb3 Kc5 54. Kc3 Kc6 55. Kc4 Kc7 56. Kc5 Kd7 57. Kd5 Ke7 58. Kc6 Ke6 59. Kc5 Ke7 60. Kd5 Kd7 61. d4 exd4 62. Kxd4 Kd6 63. Kd3 Ke6 64. Ke2 Ke5 65. Ke3 Kd6 66. Kd4 Ke6 67. Kd3 Kd6 68. Ke2 Ke6 69. Kf3 Ke5 70. Ke3 Kd6 71. Kf4 Ke6 72. h5 Ke7 73. Kf5 Kf7 74. e5 fxe5 75. Kxe5 Kg7 76. Kf5 Kf7 77. Ke5 Ke7 78. Kf5 Kf7 79. Ke4 Ke6 80. Kf4 Kf6 81. Kf3 Ke6 82. Kg3 Kf6 83. Kf4 Ke6 84. Ke4 Kf6 85. Ke3 Kg5 86. Kf3 Kf6 87. Kf4 Ke6 88. g5 hxg5+ 89. Kxg5 Kf7 90. Kh6 Kg8 91. Kg6 Kh8 92. Kh6 Kg8 93. Kg6 Kh8 94. Kg5 Kg8 95. Kg4 Kh8 96. Kh4 Kh7 97. Kh3 Kh8 98. Kg4 Kh7 99. Kg5 Kh8 100. Kg6 Kg8 101. Kh6 Kh8 102. Kg5 Kg8 103. Kg6 1/2-1/2


[Site "https://www.chess.com"]

[Event "Titled Tuesday Blitz November 14 Early 2023"]
[White "Jesseinkman"]
[Black "Gontcharov, Vladislav"]
[BlackFideId "4123492"]
[WhiteElo "2451"]
[BlackElo "2615"]
[Result "0-1"]
[Round "5"]
[TimeControl "180+1"]
[Date "2023.11.14"]
[WhiteClock "0:00:00"]
[BlackClock "0:00:17"]
[Board "106"]

1. e4 e6 2. d4 d5 3. exd5 exd5 4. Nf3 Nc6 5. Bd3 Bd6 6. O-O Nge7 7. Re1 Bg4 8. c3 Qd7 9. Nbd2 O-O-O 10. b4 Rde8 11. b5 Nd8 12. Qa4 Kb8 13. Ba3 f6 14. Bc5 b6 15. Bxd6 Qxd6 16. c4 Bxf3 17. Nxf3 dxc4 18. Qxc4 Ng6 19. Be4 Re7 20. Bxg6 hxg6 21. d5 Rhe8 22. Rxe7 Qxe7 23. h3 Qc5 24. Qg4 Re2 25. Qd4 Nb7 26. Kf1 Re8 27. a4 Nd6 28. Qxc5 bxc5 29. Rc1 Ne4 30. g3 Kb7 31. a5 a6 32. bxa6+ Kxa6 33. Re1 Kxa5 34. Kg2 c4 35. Nd4 Nd6 36. Ne6 c3 37. Rb1 Ka4 38. Nxc7 Rc8 0-1


[Site "https://www.chess.com"]

[Event "Titled Tuesday Blitz November 14 Early 2023"]
[White "Mikhalsky, Vladimir"]
[Black "Feuerstack, Aljoscha"]
[WhiteFideId "14144352"]
[BlackFideId "4681932"]
[WhiteElo "2448"]
[BlackElo "2613"]
[Result "0-1"]
[Round "5"]
[TimeControl "180+1"]
[Date "2023.11.14"]
[WhiteClock "0:00:00"]
[BlackClock "0:00:08"]
[Board "107"]

1. c4 Nf6 2. Nc3 g6 3. e4 Bg7 4. d4 O-O 5. f3 d6 6. Be3 Nc6 7. Nge2 e5 8. d5 Ne7 9. Qd2 Re8 10. g4 c6 11. Ng3 b5 12. h4 bxc4 13. g5 Nfxd5 14. exd5 cxd5 15. Bf2 Be6 16. h5 Qa5 17. Bh3 Rab8 18. Bxe6 fxe6 19. hxg6 hxg6 20. O-O Rf8 21. Kg2 Rf4 22. Be3 Rh4 23. Nd1 Qxd2+ 24. Bxd2 Kf7 25. b3 cxb3 26. axb3 Nc6 27. b4 Kg8 28. Ra6 Rb6 29. b5 Rxa6 30. bxa6 Ra4 31. Nc3 Rxa6 32. Nb5 Ra2 33. Rf2 Bf8 34. Bc1 Ra5 35. Nc7 Kf7 36. Bb2 Ke7 37. f4 e4 38. Rc2 Kd7 39. Nxe6 Kxe6 40. Rxc6 Ra2 41. Rc2 Bg7 42. Bxg7 Rxc2+ 43. Kh3 a5 44. Kg4 a4 45. Bd4 a3 46. f5+ gxf5+ 47. Nxf5 Rg2+ 48. Kf4 a2 49. Ng7+ Kf7 50. Nf5 Ke6 51. Ng7+ Kf7 52. Nf5 Rf2+ 53. Kg4 Kg6 0-1


[Site "https://www.chess.com"]

[Event "Titled Tuesday Blitz November 14 Early 2023"]
[White "Janaszak, Dawid"]
[Black "Remolar Gallen, Jose"]
[WhiteFideId "1119206"]
[BlackFideId "2215187"]
[WhiteElo "2607"]
[BlackElo "2442"]
[Result "1/2-1/2"]
[Round "5"]
[TimeControl "180+1"]
[Date "2023.11.14"]
[WhiteClock "0:00:19"]
[BlackClock "0:00:14"]
[Board "108"]

1. Nf3 g6 2. e4 Bg7 3. Bc4 c6 4. Nc3 b5 5. Bb3 b4 6. Ne2 d5 7. exd5 cxd5 8. a3 bxa3 9. Rxa3 Nf6 10. O-O O-O 11. d4 Nbd7 12. h3 Nb6 13. Bf4 a5 14. Qa1 Nc4 15. Bxc4 dxc4 16. Ne5 Bf5 17. c3 Nd5 18. Bh2 Bxe5 19. Bxe5 Bd3 20. Re1 Qb6 21. Nc1 Bf5 22. b4 cxb3 23. Nxb3 Rfc8 24. Nxa5 Nxc3 25. Rxc3 Rxc3 26. Qxc3 Qxa5 27. Qe3 Qd5 28. Qh6 f6 29. Bg3 e6 30. Rc1 e5 31. Rc7 Bd7 32. Qd2 Rc8 33. Rxc8+ Bxc8 34. Qc3 Bb7 35. f3 Qxd4+ 36. Qxd4 exd4 37. Kf2 Kf7 38. Ke2 Ba6+ 39. Kd2 Bf1 40. Bf2 Bxg2 41. Bxd4 Bxf3 42. Ke3 Bg2 43. h4 Bd5 44. Kf4 Ke6 45. Bc3 h6 46. Bd4 g5+ 47. hxg5 hxg5+ 48. Kg4 Ba2 49. Bc3 Bb3 50. Kg3 Bd1 51. Bd2 Kf5 52. Bc1 Bh5 53. Bd2 Be8 54. Bc1 Bc6 55. Bd2 Kg6 56. Bc1 f5 57. Be3 Kf6 58. Bd2 Be4 59. Be3 Bd3 60. Bd2 Be2 61. Be3 Bh5 62. Bd2 Be8 63. Be3 Bd7 64. Bd2 Kg6 65. Be3 Kh5 66. Bd2 Be6 67. Be3 Bd5 68. Bd2 Kg6 69. Be3 Kf6 70. Bd2 g4 71. Be3 Be4 72. Bf4 Ke6 73. Bg5 Kd5 74. Bf4 Kc4 75. Bg5 Kd3 76. Bf4 Ke2 77. Bg5 Kd3 78. Bf4 Ke2 79. Bg5 Kd3 1/2-1/2


[Site "https://www.chess.com"]

[Event "Titled Tuesday Blitz November 14 Early 2023"]
[White "Souleidis, Georgios"]
[Black "Daniel_Salinas"]
[WhiteFideId "4206827"]
[WhiteElo "2605"]
[BlackElo "2436"]
[Result "1-0"]
[Round "5"]
[TimeControl "180+1"]
[Date "2023.11.14"]
[WhiteClock "0:00:11"]
[BlackClock "0:00:03"]
[Board "109"]

1. e4 d6 2. d4 Nf6 3. Nc3 e5 4. Nf3 Nbd7 5. g3 Be7 6. Bg2 O-O 7. O-O c6 8. a4 Qc7 9. Re1 b6 10. d5 cxd5 11. exd5 a6 12. Nh4 g6 13. Na2 Bb7 14. Nb4 Nc5 15. c4 Rfe8 16. Ra3 a5 17. Nc6 Bxc6 18. dxc6 e4 19. f3 Qxc6 20. fxe4 Nfxe4 21. Nf3 Qd7 22. Nd4 f5 23. Nb5 Bf6 24. Rae3 Rad8 25. b3 d5 26. cxd5 Qf7 27. d6 Kg7 28. h3 Qd7 29. Kh2 Qc6 30. Ba3 Nxd6 31. Rxe8 Nxe8 32. Bxc6 1-0


[Site "https://www.chess.com"]

[Event "Titled Tuesday Blitz November 14 Early 2023"]
[White "Preobrazhenska_D2011"]
[Black "Zarnicki, Pablo"]
[BlackFideId "100137"]
[WhiteElo "2434"]
[BlackElo "2600"]
[Result "1-0"]
[Round "5"]
[TimeControl "180+1"]
[Date "2023.11.14"]
[WhiteClock "0:02:49"]
[BlackClock "0:00:00"]
[Board "110"]

1. e4 e5 2. Nf3 Nf6 3. Nxe5 d6 4. Nf3 Nxe4 5. d4 Nf6 6. Bd3 Be7 7. O-O O-O 8. Re1 c5 9. c3 Bg4 10. h3 cxd4 11. hxg4 Nc6 12. g5 1-0


[Site "https://www.chess.com"]

[Event "Titled Tuesday Blitz November 14 Early 2023"]
[White "Yeritsyan, Hayk"]
[Black "Aaditya Dhingra"]
[WhiteFideId "13307320"]
[BlackFideId "25678191"]
[WhiteElo "2432"]
[BlackElo "2600"]
[Result "0-1"]
[Round "5"]
[TimeControl "180+1"]
[Date "2023.11.14"]
[WhiteClock "0:01:36"]
[BlackClock "0:01:23"]
[Board "111"]

1. c4 c6 2. Nf3 Nf6 3. b3 d5 4. Bb2 Bg4 5. Ne5 Bf5 6. e3 Nbd7 7. Be2 e6 8. O-O Nxe5 9. Bxe5 Bd6 10. Bb2 O-O 11. d3 e5 12. Nd2 Qe7 13. a3 a5 14. Qc2 Rad8 15. e4 dxe4 16. dxe4 Bg6 17. Bf3 Bc5 18. Rfd1 Rd7 19. Nf1 Rxd1 20. Qxd1 Bxe4 21. Ng3 Bg6 22. Qe2 Re8 23. h4 h6 24. h5 Bh7 25. Ne4 Bxe4 26. Bxe4 Bd4 27. Re1 Nxe4 28. Bxd4 exd4 29. f3 d3 30. Qxd3 Qc5+ 31. Kh2 Qxh5+ 32. Kg1 Qc5+ 33. Kh2 Qd6+ 34. Qxd6 Nxd6 35. Rd1 Re6 36. c5 Nf5 37. Rd8+ Kh7 38. Rd7 Re7 39. Rd3 Re3 40. Rxe3 Nxe3 41. g3 Kg6 0-1


[Site "https://www.chess.com"]